[Event "44th Open Sitges 2018"]
[Site "Sitges"]
[Date "2018.07.22"]
[Round "1"]
[White "Garcia Fernandez, Pere"]
[Black "Jimenez Ortiz, Gonzalo"]
[Result "0-1"]
[ECO "B34"]
[WhiteElo "1612"]
[BlackElo "1949"]
[Annotator "NA"]
[PlyCount "120"]
[EventDate "2018.07.22"]
[EventType "swiss"]
[EventCountry "ESP"]
[SourceTitle "playchess.com"]
[Source "ChessBase"]
[SourceQuality "1"]
[TimeControl "40/5400+30:1800+30"]

1. e4 c5 2. Bc4 Nc6 3. Nf3 g6 4. d4 cxd4 5. Nxd4 Bg7 6. Nxc6 bxc6 $11 {[%emt 0:01:23] LiveBook: 12 Games} 7. O-O Qc7 8. c3 Nf6 9. Qf3 O-O 10. Bg5 Qe5 11. Bxf6 Qxf6 12. Qxf6 Bxf6 13. f4 d6 14. Nd2 Bg7 15. Rf3 a5 16. Re1 a4 17. Nb1 Bg4 18. Rg3 Bd7 19. Na3 Rfb8 20. Re2 Rb7 21. h4 Rab8 22. b3 axb3 23. Bxb3 e6 24. Rd3 d5 25. e5 c5 26. c4 d4 27. g4 Bf8 28. g5 Be7 29. Kf2 Bd8 30. Nb1 Ba5 31. Rb2 Ba4 32. Ke2 Kf8 33. Nd2 Bxd2 34. Kxd2 Ke7 35. Kc1 Kd8 36. Kd2 Kc7 37. Kc1 Rb6 38. Kc2 R8b7 39. Kc1 Kb8 40. Kc2 Ka7 41. Kc1 Ka6 42. Kc2 Ka5 43. Kc1 Rb4 44. Kb1 Bxb3 45. axb3 Ra7 46. Ra2+ Kb6 47. Rxa7 Kxa7 48. Kb2 Rb6 49. Rh3 Ra6 50. h5 Kb6 51. hxg6 hxg6 52. Rh7 Ra7 53. Rh3 Ka5 54. Ka3 Rd7 55. Rd3 Rd8 56. Kb2 Kb4 57. Kc2 Rh8 58. Rd2 Rh3 59. Rd3 Rxd3 60. Kxd3 Kxb3 0-1

[Event "44th Open Sitges 2018"]
[Site "Sitges"]
[Date "2018.07.22"]
[Round "2"]
[White "Jimenez Ortiz, Gonzalo"]
[Black "Gris Mateos, Francisco"]
[Result "1-0"]
[ECO "B05"]
[WhiteElo "1949"]
[BlackElo "1710"]
[Annotator "NA RC"]
[PlyCount "139"]
[EventDate "2018.07.22"]
[EventType "swiss"]
[EventCountry "ESP"]
[SourceTitle "playchess.com"]
[Source "ChessBase"]
[SourceQuality "1"]
[TimeControl "40/5400+30:1800+30"]

1. e4 Nf6 2. e5 Nd5 3. d4 d6 4. Nf3 Bg4 5. Be2 e6 6. O-O Be7 7. c4 Nb6 8. exd6 cxd6 9. Nc3 O-O 10. b3 Nc6 11. Bb2 {[%emt 0:01:36] B05: Alekhine's Defence: 4 Nf3 Bg4} d5 12. c5 Nc8 13. a3 {[%emt 0:05:29] [#]} a6 $146 ({Predecessor:} 13... b6 14. b4 Bf6 15. Ne5 Bxe2 16. Nxc6 Bxd1 17. Nxd8 Bb3 18. Nc6 Ne7 19. Nxe7+ Bxe7 20. c6 Bc4 21. Rfe1 a6 22. Na4 Bd8 {0-1 (22) Yanayt,E (2253)-Yermolinsky,A (2549) Los Angeles 2005}) 14. b4 Bf6 15. Nb1 b6 16. Nbd2 b5 17. Re1 Qc7 18. Nf1 N8e7 19. Ng3 Nf5 20. Nxf5 Bxf5 21. h3 g5 22. Qd2 g4 23. hxg4 Bxg4 24. Nh2 Bf5 25. Ng4 Bg7 26. Nh6+ Bxh6 27. Qxh6 f6 28. Bf3 Qg7 29. Qxg7+ Kxg7 30. g4 Be4 31. Bxe4 dxe4 32. Rxe4 Kf7 33. Kg2 Rg8 34. Kf3 Rae8 35. Bc3 Ne7 36. a4 Nd5 37. Bd2 f5 38. gxf5 exf5 39. Rxe8 Rxe8 40. axb5 axb5 41. Ra5 Re4 42. Be3 Nxb4 43. Rxb5 Nc6 44. Rb7+ Kg8 45. Rd7 h5 46. Rd6 Ne7 47. c6 Kf7 48. c7 Nc8 49. Rd8 Re8 50. Rxe8 Kxe8 51. Bf4 Kd7 52. d5 Nb6 53. d6 Nd5 54. Be5 Nb6 55. Kg3 Ke6 56. Kh4 Kd7 57. Kxh5 Nc4 58. Bf4 Nb6 59. Kg5 Ke6 60. Kh4 Kd7 61. Kg3 Nd5 62. Kf3 Nb6 63. Ke2 Nd5 64. Be5 Nb6 65. Kd3 Kc6 66. Kd4 Nc8 67. Bf4 Kd7 68. Kc5 Na7 $18 69. Kb6 Nc8+ 70. Kb7 1-0

[Event "44th Open Sitges 2018"]
[Site "Sitges"]
[Date "2018.07.23"]
[Round "3"]
[White "Beltran Rueda, Santiago"]
[Black "Kadam, Om Manish"]
[Result "1/2-1/2"]
[ECO "E05"]
[WhiteElo "2362"]
[BlackElo "1836"]
[Annotator "NA"]
[PlyCount "55"]
[EventDate "2018.07.22"]
[EventType "swiss"]
[EventCountry "ESP"]
[SourceTitle "playchess.com"]
[Source "ChessBase"]
[SourceQuality "1"]
[TimeControl "40/5400+30:1800+30"]

1. c4 e6 2. Nf3 Nf6 3. g3 d5 4. d4 Be7 5. Bg2 O-O 6. O-O dxc4 7. Ne5 Nc6 8. Bxc6 bxc6 9. Nxc6 Qe8 10. Nxe7+ Qxe7 11. Qa4 c5 12. Qxc4 cxd4 13. Qxd4 e5 14. Qh4 Rb8 15. Nc3 Rb4 16. e4 Ba6 17. Bg5 Qe6 18. Bxf6 Qxf6 19. Qxf6 gxf6 20. Rfd1 Rxb2 21. Rd6 Bc4 22. Rxf6 Rd8 23. a4 Be6 24. Nd5 Kg7 25. Rf3 Bxd5 26. exd5 Rxd5 27. Rc1 Rb7 28. Ra1 1/2-1/2

[Event "44th Open Sitges 2018"]
[Site "Sitges"]
[Date "2018.07.23"]
[Round "3"]
[White "Anadkat, Kartavya"]
[Black "Gonzales, Jayson"]
[Result "1/2-1/2"]
[ECO "B12"]
[WhiteElo "1910"]
[BlackElo "2367"]
[Annotator "ChessBase"]
[PlyCount "98"]
[EventDate "2018.07.22"]
[EventType "swiss"]
[EventCountry "ESP"]
[SourceTitle "playchess.com"]
[Source "ChessBase"]
[SourceQuality "1"]
[TimeControl "40/5400+30:1800+30"]

1. e4 c6 2. d4 d5 3. e5 c5 4. dxc5 e6 5. a3 Bxc5 6. b4 Bb6 7. Nf3 Nc6 8. Bb2 Nge7 9. Bd3 Ng6 10. O-O O-O 11. c4 dxc4 12. Bxc4 Qxd1 13. Rxd1 Bc7 14. Re1 Rd8 15. Bc3 a6 16. a4 Bd7 17. Na3 Rac8 18. b5 axb5 19. axb5 Nce7 20. Bb4 Be8 21. Rac1 Nf5 22. Bf1 Nf4 23. g4 Nd5 24. Bc5 Nh6 25. h3 Ba5 26. Red1 Rxc5 27. Rxc5 Bb4 28. Rcxd5 Rxd5 29. Rxd5 exd5 30. Nc2 Bc5 31. Ncd4 f6 32. Nb3 Bb6 33. exf6 gxf6 34. Nfd4 Bg6 35. Bg2 Be4 36. Bxe4 dxe4 37. Kf1 Nf7 38. Nf5 Kf8 39. Nd2 Ng5 40. h4 Nf3 41. Nxf3 exf3 42. h5 Bc5 43. Nh4 Ke8 44. Nxf3 Kd7 45. Nd2 Ke6 46. Ne4 Be7 47. Ke2 f5 48. gxf5+ Kxf5 49. Kf3 Ke5 1/2-1/2

[Event "44th Open Sitges 2018"]
[Site "Sitges"]
[Date "2018.07.23"]
[Round "3"]
[White "Macias Dalmau, David"]
[Black "Jimenez Ortiz, Gonzalo"]
[Result "1/2-1/2"]
[ECO "D10"]
[WhiteElo "1759"]
[BlackElo "1949"]
[Annotator "NA"]
[PlyCount "39"]
[EventDate "2018.07.22"]
[EventType "swiss"]
[EventCountry "ESP"]
[SourceTitle "playchess.com"]
[Source "ChessBase"]
[SourceQuality "1"]
[TimeControl "40/5400+30:1800+30"]

1. d4 d5 2. c4 c6 3. cxd5 cxd5 4. Bf4 Nc6 5. Nc3 a6 6. e3 Nf6 7. Bd3 Bg4 8. Nge2 e6 9. O-O Bd6 10. f3 Bh5 11. Rc1 Bg6 12. Bxd6 Qxd6 13. Nf4 O-O 14. Nxg6 hxg6 15. f4 Rfc8 16. Rf2 Rc7 17. Na4 Nd7 18. Rfc2 Rac8 19. a3 Na5 20. b4 1/2-1/2

[Event "44th Open Sitges 2018"]
[Site "Sitges"]
[Date "2018.07.26"]
[Round "5"]
[White "Pulvett Marin, Daniel Eduardo"]
[Black "Renteria, Jorge"]
[Result "1-0"]
[ECO "E91"]
[WhiteElo "2458"]
[BlackElo "2272"]
[Annotator "ChessBase"]
[PlyCount "65"]
[EventDate "2018.07.22"]
[EventType "swiss"]
[EventCountry "ESP"]
[SourceTitle "playchess.com"]
[Source "ChessBase"]
[SourceQuality "1"]
[TimeControl "40/5400+30:1800+30"]

1. d4 Nf6 2. Nf3 d6 3. c4 g6 4. Nc3 Bg7 5. e4 Bg4 6. Be2 O-O 7. Ng1 Bxe2 8. Ngxe2 Nfd7 9. Be3 c5 10. d5 a6 11. a4 a5 12. f3 Na6 13. O-O Nb4 14. Qd2 Nf6 15. Rad1 Ra6 16. Nb5 Ne8 17. Nec3 Ra8 18. Bh6 Na6 19. Bxg7 Kxg7 20. f4 Nac7 21. Na3 Nf6 22. e5 Nd7 23. Rde1 dxe5 24. fxe5 f6 25. exf6+ Nxf6 26. Qe3 Rf7 27. Qxc5 Nce8 28. Nab5 Rc8 29. Qd4 Nd6 30. Nxd6 Qxd6 31. Ne4 Qb4 32. Ng5 Rxc4 33. Qe5 1-0

[Event "44th Open Sitges 2018"]
[Site "Sitges"]
[Date "2018.07.26"]
[Round "5"]
[White "Argandona Riveiro, Inigo"]
[Black "Fernandez Diaz, Cristian"]
[Result "1/2-1/2"]
[ECO "B38"]
[WhiteElo "2423"]
[BlackElo "2242"]
[Annotator "NA"]
[PlyCount "105"]
[EventDate "2018.07.22"]
[EventType "swiss"]
[EventCountry "ESP"]
[SourceTitle "playchess.com"]
[Source "ChessBase"]
[SourceQuality "1"]
[TimeControl "40/5400+30:1800+30"]

1. Nf3 c5 2. c4 Nf6 3. Nc3 Nc6 4. d4 cxd4 5. Nxd4 g6 6. e4 d6 7. Be2 Bg7 8. Be3 O-O 9. O-O Bd7 10. Qd2 Nxd4 11. Bxd4 Bc6 12. Bd3 a5 13. Rae1 Nd7 14. Bxg7 Kxg7 15. Re3 h6 16. Kh1 a4 17. Nd5 e5 18. Rh3 Rh8 19. f4 Bxd5 20. exd5 exf4 21. Qxf4 Ne5 22. Re3 Qg5 23. Qd4 Rac8 24. b3 axb3 25. axb3 Rhe8 26. Ref3 Kg8 27. Rf4 Ra8 28. Bb1 Rec8 29. Qf2 Qe7 30. h3 Rc5 31. Rf6 Ra1 32. Qh4 Kg7 33. Rxf7+ Qxf7 34. Rxf7+ Kxf7 35. Qe4 b5 36. Kh2 bxc4 37. Bc2 cxb3 38. Bxb3 Rcc1 39. Qb4 Rc5 40. Qb8 Ke7 41. Qg8 Nf7 42. Qxg6 Re1 43. Qh7 Re2 44. Bd1 Re5 45. Bc2 Rg5 46. h4 Rg4 47. g3 Rxd5 48. Kh3 h5 49. Bf5 Rg7 50. Qxg7 Rxf5 51. g4 hxg4+ 52. Qxg4 Re5 53. Qg7 1/2-1/2

[Event "44th Open Sitges 2018"]
[Site "Sitges"]
[Date "2018.07.25"]
[Round "5"]
[White "Neelash, Saha"]
[Black "Alarcon Casellas, Rolando"]
[Result "1/2-1/2"]
[ECO "B38"]
[WhiteElo "2319"]
[BlackElo "2389"]
[Annotator "NA"]
[PlyCount "36"]
[EventDate "2018.07.22"]
[EventType "swiss"]
[EventCountry "ESP"]
[SourceTitle "playchess.com"]
[Source "ChessBase"]
[SourceQuality "1"]
[TimeControl "40/5400+30:1800+30"]

1. e4 c5 2. Nf3 g6 3. d4 cxd4 4. Nxd4 Bg7 5. c4 Nc6 6. Be3 Nf6 7. Nc3 O-O 8. Be2 b6 9. O-O Bb7 10. f3 Qb8 11. Qd2 Rd8 12. Rfd1 e6 13. Nxc6 Bxc6 14. Bf4 Qb7 15. Bg5 Qb8 16. Bf4 Qb7 17. Bg5 Qb8 18. Bf4 Qb7 1/2-1/2

[Event "44th Open Sitges 2018"]
[Site "Sitges"]
[Date "2018.07.26"]
[Round "5"]
[White "Neelash, Saha"]
[Black "Alarcon Casellas, Rolando"]
[Result "0-1"]
[ECO "D30"]
[WhiteElo "2319"]
[BlackElo "2389"]
[Annotator "NA"]
[PlyCount "54"]
[EventDate "2018.07.22"]
[EventType "swiss"]
[EventCountry "ESP"]
[SourceTitle "playchess.com"]
[Source "ChessBase"]
[SourceQuality "1"]
[TimeControl "40/5400+30:1800+30"]

1. d4 d5 2. c4 c6 3. Nf3 Nf6 4. e3 e6 5. b3 Nbd7 6. Bb2 Bd6 7. Nbd2 O-O 8. Qc2 Qe7 9. Bd3 e5 10. cxd5 cxd5 11. dxe5 Nxe5 12. Nxe5 Bxe5 13. Nf3 Qb4+ 14. Nd2 Bxb2 15. Qxb2 d4 16. a3 Qa5 17. b4 Qg5 18. Qxd4 Qxg2 19. O-O-O Bg4 20. f3 Rfd8 21. Qc3 Rac8 22. Bc4 Rxd2 23. fxg4 Ra2 24. Kb1 Ne4 25. Qc1 h6 26. Rd4 b5 27. Rg1 Qxg1 0-1

[Event "44th Open Sitges 2018"]
[Site "Sitges"]
[Date "2018.07.26"]
[Round "5"]
[White "Mitrabha, Guha"]
[Black "Aguero Jimenez, Luis Lazaro"]
[Result "0-1"]
[ECO "A45"]
[WhiteElo "2299"]
[BlackElo "2473"]
[Annotator "ChessBase"]
[PlyCount "48"]
[EventDate "2018.07.22"]
[EventType "swiss"]
[EventCountry "ESP"]
[SourceTitle "playchess.com"]
[Source "ChessBase"]
[SourceQuality "1"]
[TimeControl "40/5400+30:1800+30"]

1. d4 Nf6 2. Bf4 g6 3. Nc3 c5 4. dxc5 Qa5 5. Qd2 Bg7 6. e4 O-O 7. f3 Qxc5 8. Nge2 Nc6 9. Nc1 Nd4 10. Nb3 Nxb3 11. axb3 b6 12. O-O-O Bb7 13. g4 Rfc8 14. Kb1 d5 15. g5 d4 16. Na4 Nxe4 17. fxe4 Qc6 18. c4 e5 19. Bg3 Qxe4+ 20. Bd3 Qg4 21. Rhg1 Qe6 22. Be2 b5 23. cxb5 Qxb3 24. Qa5 Bd5 0-1

[Event "44th Open Sitges 2018"]
[Site "Sitges"]
[Date "2018.07.26"]
[Round "5"]
[White "Jimenez Ortiz, Gonzalo"]
[Black "Mas Mestres, Jordi"]
[Result "1-0"]
[ECO "B35"]
[WhiteElo "1949"]
[BlackElo "1825"]
[Annotator "NA"]
[PlyCount "127"]
[EventDate "2018.07.22"]
[EventType "swiss"]
[EventCountry "ESP"]
[SourceTitle "playchess.com"]
[Source "ChessBase"]
[SourceQuality "1"]
[TimeControl "40/5400+30:1800+30"]

1. e4 c5 2. Nf3 g6 3. d4 cxd4 4. Nxd4 Nc6 5. Nc3 Bg7 6. Be3 Nf6 7. Bc4 Qa5 8. O-O O-O 9. Nb3 Qc7 10. Bg5 d6 11. Bxf6 exf6 12. Nd5 Qd8 13. c3 f5 14. exf5 Bxf5 15. Qd2 Ne5 16. Be2 Rc8 17. Ne3 Qh4 18. Nxf5 gxf5 19. g3 Qh3 20. f4 Nc4 21. Bxc4 Rxc4 22. Qg2 Qxg2+ 23. Kxg2 Re4 24. Rad1 Rfe8 25. Rxd6 b5 26. Rf2 b4 27. cxb4 Rxb4 28. Rd5 Ra8 29. Rxf5 a5 30. Rxa5 Rxa5 31. Nxa5 Bxb2 32. Nc6 Rb6 33. Re2 Ba3 34. Ne5 Rb4 35. Kf3 Ra4 36. Kg4 Bd6 37. Nf3 Ra5 38. Kh3 Kg7 39. Ne5 Ra4 40. Rd2 Bc7 41. Rc2 Bd6 42. Nc4 Bc5 43. Kg4 Bd4 44. Kf3 Ba7 45. Ke4 Ra6 46. Kd5 Bg1 47. Rg2 Ba7 48. Ne5 Bb8 49. Kc4 Bd6 50. Kb5 Ra8 51. a4 Rb8+ 52. Kc6 Be7 53. Ra2 f6 54. Nd7 Rb3 55. Nb6 Rc3+ 56. Kd7 Kf7 57. Nd5 Rd3 58. Kc6 Bd8 59. a5 Rd4 60. a6 Rc4+ 61. Kd7 Rd4 62. Kxd8 Rxd5+ 63. Kc7 Rc5+ 64. Kb6 1-0

[Event "44th Open Sitges 2018"]
[Site "Sitges"]
[Date "2018.07.26"]
[Round "6"]
[White "Kulkarni Bhakti"]
[Black "Argandona Riveiro, Inigo"]
[Result "1-0"]
[ECO "A55"]
[WhiteElo "2285"]
[BlackElo "2423"]
[Annotator "NA"]
[PlyCount "95"]
[EventDate "2018.07.22"]
[EventType "swiss"]
[EventCountry "ESP"]
[SourceTitle "playchess.com"]
[Source "ChessBase"]
[SourceQuality "1"]
[TimeControl "40/5400+30:1800+30"]

1. d4 d6 2. c4 e5 3. Nc3 Nd7 4. Nf3 Ngf6 5. e4 Be7 6. Be2 O-O 7. O-O Re8 8. Re1 exd4 9. Nxd4 Bf8 10. f3 a5 11. Bf1 Nc5 12. Be3 c6 13. Qc2 g6 14. b3 Nfd7 15. a3 Bg7 16. Rad1 Ne5 17. Kh1 Qh4 18. Bf2 Qf6 19. b4 axb4 20. axb4 Ne6 21. Na4 Nf4 22. Be3 h5 23. Nb6 Ra3 24. Qc1 Rxe3 25. Qxe3 h4 26. Ne2 Nh5 27. Nxc8 Rxc8 28. c5 dxc5 29. bxc5 Ng3+ 30. hxg3 hxg3 31. Qf4 Qxf4 32. Nxf4 Bh6 33. Nh3 Bf8 34. f4 Ng4 35. Rd3 Bxc5 36. Rxg3 Nf2+ 37. Kh2 Kg7 38. Rc1 Be3 39. Rc2 Rh8 40. Rf3 Ng4+ 41. Kg3 f5 42. exf5 gxf5 43. Bd3 Kf6 44. Re2 Rg8 45. Ng5 Bxf4+ 46. Kxf4 Rxg5 47. Rg3 Rh5 48. Bxf5 1-0

[Event "44th Open Sitges 2018"]
[Site "Sitges"]
[Date "2018.07.26"]
[Round "6"]
[White "Todts, Benny"]
[Black "Jimenez Ortiz, Gonzalo"]
[Result "1-0"]
[ECO "D43"]
[WhiteElo "1938"]
[BlackElo "1949"]
[Annotator "NA RC"]
[PlyCount "109"]
[EventDate "2018.07.22"]
[EventType "swiss"]
[EventCountry "ESP"]
[SourceTitle "playchess.com"]
[Source "ChessBase"]
[SourceQuality "1"]
[TimeControl "40/5400+30:1800+30"]

1. d4 d5 2. c4 c6 3. Nc3 Nf6 4. Nf3 e6 5. Bf4 dxc4 6. a4 {[%emt 0:01:48] D43: Semi-Slav: 5 Bg5 h6} Bb4 7. e3 (7. Qc2 b5 8. e4 Bb7 9. Be2 Nbd7 10. O-O a6 11. Rfd1 O-O 12. e5 Nd5 13. Ng5 g6 14. Nxd5 cxd5 {1-0 (51) Gazik,V (2479)-Miton,K (2584) Katowice 2017}) 7... b5 8. Qc2 Bb7 9. Be2 a6 10. O-O Nbd7 11. Rad1 O-O 12. Bg5 $146 ({Predecessor:} 12. e4 Qb6 13. Be3 c5 14. d5 Bxc3 15. dxe6 Qxe6 16. Qxc3 Nxe4 {0-1 (33) Cortes,M-Rollerblader13 Dos Hermanas 2003}) 12... Be7 13. e4 h6 14. Bh4 Re8 15. e5 Nd5 16. Bxe7 Qxe7 17. Ne4 Red8 18. Nd6 N7b6 19. a5 Na4 20. Nd2 c5 21. Bxc4 Nb4 22. Qb3 Nc6 23. Bxb5 Nxa5 24. Qxa4 axb5 25. Qxb5 Ba6 26. Qxa5 Bxf1 27. Qxc5 Be2 28. Re1 Qg5 29. N6e4 Qh5 30. Ng3 Qg5 31. Rxe2 Rdc8 32. Qb5 Rab8 33. Qd3 Rxb2 34. h4 Qxh4 35. Nf3 Rc1+ 36. Nf1 Rxf1+ 37. Kxf1 Qh1+ 38. Ng1 Rxe2 39. Qxe2 Qh4 40. Qe3 Qh5 41. f3 Qh4 42. Nh3 Qd8 43. Qe4 g6 44. Qf4 Qd5 45. Nf2 h5 46. Nh3 Qb7 47. Ng5 Qb1+ 48. Kf2 Qb7 49. Ne4 Kg7 50. Qf6+ Kg8 51. Qd8+ Kg7 52. Nf6 Qb2+ 53. Kg3 Kh6 54. Qh8+ Kg5 55. Ne4+ 1-0

[Event "44th Open Sitges 2018"]
[Site "Sitges"]
[Date "2018.07.27"]
[Round "7"]
[White "Volkov, Sergey"]
[Black "Kulkarni Bhakti"]
[Result "1/2-1/2"]
[ECO "D35"]
[WhiteElo "2574"]
[BlackElo "2285"]
[Annotator "ChessBase"]
[PlyCount "91"]
[EventDate "2018.07.22"]
[EventType "swiss"]
[EventCountry "ESP"]
[SourceTitle "playchess.com"]
[Source "ChessBase"]
[SourceQuality "1"]
[TimeControl "40/5400+30:1800+30"]

1. d4 d5 2. c4 e6 3. Nc3 Nf6 4. cxd5 exd5 5. Bg5 Be7 6. e3 c6 7. Bd3 Nbd7 8. Nge2 h6 9. Bh4 Nh5 10. Bxe7 Qxe7 11. Rb1 a5 12. a3 O-O 13. O-O f5 14. b4 axb4 15. axb4 b5 16. Nc1 g6 17. Be2 Ng7 18. Nd3 g5 19. g3 Ne8 20. Bf3 Bb7 21. Ne2 Nd6 22. Nec1 Nc4 23. Nb3 Nf6 24. Ra1 Rxa1 25. Qxa1 Ne4 26. Qc1 Ra8 27. Qc2 Bc8 28. Bg2 Ra3 29. Ra1 Rxa1+ 30. Nxa1 Qa7 31. Nb3 Qa4 32. Bf3 Ned2 33. Bd1 Nxb3 34. Qxb3 Qa1 35. Kg2 f4 36. gxf4 Bf5 37. fxg5 hxg5 38. Qc2 Be4+ 39. Bf3 Bxf3+ 40. Kxf3 Qh1+ 41. Ke2 Qxh2 42. Ne5 Qh5+ 43. Kd3 Qh1 44. Ke2 Qh5+ 45. Kd3 Qh1 46. Ke2 1/2-1/2

[Event "44th Open Sitges 2018"]
[Site "Sitges"]
[Date "2018.07.27"]
[Round "7"]
[White "Pulvett Marin, Daniel Eduardo"]
[Black "Alarcon Casellas, Rolando"]
[Result "0-1"]
[ECO "D23"]
[WhiteElo "2458"]
[BlackElo "2389"]
[Annotator "RC"]
[PlyCount "94"]
[EventDate "2018.07.22"]
[EventType "swiss"]
[EventCountry "ESP"]
[SourceTitle "playchess.com"]
[Source "ChessBase"]
[SourceQuality "1"]
[TimeControl "40/5400+30:1800+30"]

1. d4 d5 2. c4 c6 3. Nf3 Nf6 4. Qb3 dxc4 5. Qxc4 Bf5 6. g3 e6 7. Bg2 h6 8. O-O Be7 9. e3 O-O 10. Rd1 Nbd7 11. Qe2 Bh7 12. Nc3 Qb6 13. e4 Rad8 14. Ne1 Bb4 15. Nc2 Rfe8 16. Bd2 Bf8 17. Be3 Qxb2 18. Rd3 Qb6 19. d5 Qa5 20. dxe6 Rxe6 21. Rad1 Rde8 22. Nd4 R6e7 23. Nb3 Qc7 24. f3 Ne5 25. R3d2 Rd7 26. f4 Rxd2 27. Bxd2 Ned7 28. e5 Bc2 29. Rc1 Bxb3 30. axb3 Nc5 31. Be3 Qa5 32. exf6 Nxb3 33. Ne4 Nxc1 34. Bxc1 Qa1 35. Qe3 b6 36. Kf1 Bc5 37. Qc3 Qa6+ 38. Ke1 Qa4 39. Qd3 Qa1 40. Kd1 Bd4 41. fxg7 Bb2 42. Qc2 Bxc1 43. Qxc1 Qd4+ 44. Qd2 Rxe4 45. Bxe4 Qxe4 46. f5 Kxg7 47. f6+ Kg6 0-1

[Event "44th Open Sitges 2018"]
[Site "Sitges"]
[Date "2018.07.27"]
[Round "7"]
[White "Grafl, Florian"]
[Black "Fernandez Diaz, Cristian"]
[Result "1-0"]
[ECO "A05"]
[WhiteElo "2364"]
[BlackElo "2242"]
[Annotator "NA"]
[PlyCount "59"]
[EventDate "2018.07.22"]
[EventType "swiss"]
[EventCountry "ESP"]
[SourceTitle "playchess.com"]
[Source "ChessBase"]
[SourceQuality "1"]
[TimeControl "40/5400+30:1800+30"]

1. Nf3 Nf6 2. b3 g6 3. Bb2 Bg7 4. g3 O-O 5. Bg2 d5 6. c4 c5 7. cxd5 Qxd5 8. Nc3 Qd6 9. Rc1 Qa6 10. O-O Rd8 11. d3 b6 12. a4 Ne8 13. Qd2 Bb7 14. Nb5 Bxb2 15. Qxb2 Nc6 16. Qd2 Nb4 17. Qh6 Bxf3 18. Bxf3 Rac8 19. Rc4 Nd5 20. Rh4 Ndf6 21. g4 Ng7 22. Nc3 Rd4 23. Nd5 Rxd5 24. Bxd5 Rd8 25. Bc4 Qb7 26. e4 e5 27. f4 Qe7 28. g5 Nfh5 29. f5 Rd4 30. fxg6 1-0

[Event "44th Open Sitges 2018"]
[Site "Sitges"]
[Date "2018.07.27"]
[Round "7"]
[White "Lobato, Lavin Alvaro"]
[Black "Todts, Benny"]
[Result "1-0"]
[ECO "B22"]
[WhiteElo "1923"]
[BlackElo "1938"]
[Annotator "NA"]
[PlyCount "39"]
[EventDate "2018.07.22"]
[EventType "swiss"]
[EventCountry "ESP"]
[SourceTitle "playchess.com"]
[Source "ChessBase"]
[SourceQuality "1"]
[TimeControl "40/5400+30:1800+30"]

1. e4 c5 2. Nf3 Nc6 3. d4 cxd4 4. c3 d5 5. exd5 Qxd5 6. cxd4 Bg4 7. Be2 O-O-O 8. Nc3 Qf5 9. Be3 e5 10. d5 Nf6 11. O-O Bb4 12. Qb3 Nxd5 13. Nxd5 e4 14. Nd4 Nxd4 15. Bxg4 Qxg4 16. Bxd4 Bd6 17. Rac1+ Kb8 18. Bxa7+ Kxa7 19. Qa4+ Kb8 20. Nb6 1-0

[Event "44th Open Sitges 2018"]
[Site "Sitges"]
[Date "2018.07.28"]
[Round "8"]
[White "Aguero Jimenez, Luis Lazaro"]
[Black "Grafl, Florian"]
[Result "1-0"]
[ECO "C44"]
[WhiteElo "2473"]
[BlackElo "2364"]
[Annotator "ChessBase"]
[PlyCount "79"]
[EventDate "2018.07.22"]
[EventType "swiss"]
[EventCountry "ESP"]
[SourceTitle "playchess.com"]
[Source "ChessBase"]
[SourceQuality "1"]
[TimeControl "40/5400+30:1800+30"]

1. e4 Nc6 2. Nf3 d6 3. d4 Nf6 4. Bd3 e5 5. c3 Bg4 6. Qa4 Bxf3 7. gxf3 Nd7 8. Bb5 Ne7 9. Bg5 a6 10. Bd3 h6 11. Be3 g5 12. Qb3 Bg7 13. h4 exd4 14. cxd4 Nc6 15. Bc4 Nxd4 16. Bxf7+ Kf8 17. Bxd4 Bxd4 18. Bh5 Qf6 19. Nc3 Nc5 20. Qc2 Bxc3+ 21. bxc3 Ke7 22. O-O-O Nd7 23. Qb3 b5 24. e5 Nxe5 25. Rhe1 Rhd8 26. Re4 Kd7 27. Qd5 Re8 28. f4 gxf4 29. Rg1 c6 30. Bxe8+ Rxe8 31. Qd4 Re7 32. Qa7+ Ke6 33. Qxa6 Kd5 34. Rd4+ Ke6 35. Qc8+ Rd7 36. Rg8 Qxh4 37. Re8+ Kf6 38. Rxe5 Qxf2 39. Qh8+ Kg6 40. Qg8+ 1-0

[Event "44th Open Sitges 2018"]
[Site "Sitges"]
[Date "2018.07.28"]
[Round "8"]
[White "Mas Mestres, Jordi"]
[Black "Lobato, Lavin Alvaro"]
[Result "0-1"]
[ECO "A05"]
[WhiteElo "1825"]
[BlackElo "1923"]
[Annotator "NA"]
[PlyCount "102"]
[EventDate "2018.07.22"]
[EventType "swiss"]
[EventCountry "ESP"]
[SourceTitle "playchess.com"]
[Source "ChessBase"]
[SourceQuality "1"]
[TimeControl "40/5400+30:1800+30"]

1. e4 c5 2. Nf3 d6 3. d3 Nc6 4. g3 Nf6 5. Bg2 g6 6. O-O Bg7 7. Nbd2 O-O 8. Re1 Qc7 9. Nf1 Bg4 10. h3 Bxf3 11. Bxf3 Rab8 12. c3 b5 13. Be3 e5 14. Nh2 b4 15. Ng4 Nxg4 16. hxg4 bxc3 17. bxc3 Rb2 18. Kg2 Qa5 19. Qc1 Rxa2 20. Rxa2 Qxa2 21. Bh6 Bxh6 22. Qxh6 f6 23. Rh1 Rf7 24. g5 Qe6 25. Bd1 fxg5 26. Qxg5 Qa2 27. Qe3 a5 28. Bg4 a4 29. Rf1 Rb7 30. Qc1 a3 31. Qa1 Qxa1 32. Rxa1 Ra7 33. Be6+ Kf8 34. Kf3 Ke7 35. Bd5 Nb8 36. Ke3 Nd7 37. Kd2 Nb6 38. Bg8 h5 39. Ra2 Kf6 40. Kc2 g5 41. Kd2 Nc8 42. Ke3 Ne7 43. Bc4 h4 44. gxh4 gxh4 45. f4 exf4+ 46. Kxf4 Ng6+ 47. Ke3 Ne5 48. Bd5 h3 49. d4 cxd4+ 50. cxd4 Ng4+ 51. Kf4 h2 0-1

[Event "44th Open Sitges 2018"]
[Site "Sitges"]
[Date "2018.07.29"]
[Round "9"]
[White "Argandona Riveiro, Inigo"]
[Black "Gonzales, Jayson"]
[Result "1-0"]
[ECO "A55"]
[WhiteElo "2423"]
[BlackElo "2367"]
[Annotator "NA"]
[PlyCount "111"]
[EventDate "2018.07.22"]
[EventType "swiss"]
[EventCountry "ESP"]
[SourceTitle "playchess.com"]
[Source "ChessBase"]
[SourceQuality "1"]
[TimeControl "40/5400+30:1800+30"]

1. Nf3 d6 2. d4 Nf6 3. c4 Nbd7 4. Nc3 e5 5. e4 c6 6. Be2 Be7 7. O-O O-O 8. Re1 a6 9. Bf1 Qc7 $14 10. Rb1 b5 11. cxb5 cxb5 12. a3 Bb7 13. g3 Rfe8 14. Bg2 Rac8 15. h3 Qb8 16. Nh4 Bf8 17. dxe5 dxe5 18. Nf5 Qa8 19. Qf3 b4 20. axb4 Bxb4 21. Bg5 Re6 22. Rbd1 Kf8 23. Re3 Nb6 24. Bxf6 Rxf6 25. Qg4 Rg6 26. Qh4 h6 27. Red3 Kg8 28. Ne7+ Bxe7 29. Qxe7 Re6 30. Rd8+ Kh7 31. Qxf7 Rxd8 32. Rxd8 Qxd8 33. Qxe6 Qd4 34. Nd5 Bxd5 35. exd5 Nc4 36. Qf5+ Kg8 37. Qc8+ Kh7 38. Qf5+ Kg8 39. b3 Nd2 40. Qe6+ Kh7 41. d6 Qa1+ 42. Kh2 Nf1+ 43. Bxf1 Qxf1 44. Qf5+ Kg8 45. Qc8+ Kf7 46. Qf5+ Kg8 47. d7 Qd1 48. Qe6+ Kh7 49. Qc6 Qd3 50. h4 h5 51. Qe6 e4 52. Qf7 Qd1 53. Qf5+ Kg8 54. Qe6+ Kh7 55. Qxe4+ Kg8 56. Qe6+ 1-0

[Event "44th Open Sitges 2018"]
[Site "Sitges"]
[Date "2018.07.29"]
[Round "9"]
[White "Abhishek, Das"]
[Black "Anuj, Shrivatri"]
[Result "1/2-1/2"]
[ECO "C49"]
[WhiteElo "2325"]
[BlackElo "2094"]
[Annotator "NA"]
[PlyCount "58"]
[EventDate "2018.07.22"]
[EventType "swiss"]
[EventCountry "ESP"]
[SourceTitle "playchess.com"]
[Source "ChessBase"]
[SourceQuality "1"]
[TimeControl "40/5400+30:1800+30"]

1. e4 e5 2. Nf3 Nc6 3. Nc3 Nf6 4. Bb5 Bb4 5. O-O O-O 6. d3 Bxc3 7. bxc3 d6 8. Bg5 Qe7 9. Re1 a6 10. Bc4 h6 11. Bh4 Na5 12. Nd2 Nxc4 13. Nxc4 Qe6 14. Ne3 g6 15. a4 a5 16. Rb1 b6 17. c4 Bb7 18. Qf3 Ne8 19. Nd5 Bxd5 20. cxd5 Qd7 21. Rb5 g5 22. Bg3 f5 23. exf5 Qxf5 24. Qxf5 Rxf5 25. Re4 Nf6 26. Rc4 Ne8 27. Re4 Rf7 28. Rc4 Nf6 29. f3 h5 1/2-1/2